 Dungeon Crawl Stone Soup version 0.23-a0-121-g4413648 (webtiles) character file.

1332 Amnesiac the Gusty (level 8, -3/52 HPs)
             Began as a Mummy Air Elementalist on Aug 25, 2018.
             Was a Believer of Dithmenos.
             Killed from afar by an orc wizard (6 damage)
             ... with a magic dart
             ... on level 7 of the Dungeon.
             The game lasted 00:09:47 (6493 turns).

Amnesiac the Gusty (Mummy Air Elementalist)         Turns: 6493, Time: 00:09:49

Health: -3/52      AC:  6    Str: 11    XL:     8   Next: 34%
Magic:  10/18      EV: 12    Int: 16    God:    Dithmenos [**....]
Gold:   268        SH:  8    Dex: 13    Spells: 8/20 levels left

rFire    x . .     SeeInvis .   a - +3 falchion
rCold    + . .     Gourm    .   i - +3 buckler {reflect}
rNeg     + + +     Faith    .   b - +0 robe
rPois    ∞         Spirit   .   p - +0 helmet
rElec    .         Reflect  +   (no cloak)
rCorr    .         Harm     .   o - +2 pair of gloves
MR       +....                  (no boots)
Stlth    ++........             (no amulet)
HPRegen  0.17/turn              (no ring)
MPRegen  0.16/turn              (no ring)

@: wreathed by umbra
A: no food or potions, fire vulnerability, cold resistance 1, negative energy
resistance 3, torment resistance, unbreathing
a: Shadow Step, Renounce Religion


You were on level 7 of the Dungeon.
You worshipped Dithmenos.
Dithmenos was pleased with you.
You were not hungry.

You visited 1 branch of the dungeon, and saw 7 of its levels.

You collected 268 gold pieces.

Inventory:

Hand Weapons
 a - a +3 falchion (weapon)
Armour
 b - a +0 robe (worn)
 i - a +3 buckler of reflection (worn)
 o - a +2 pair of gloves (worn)
 p - a +0 helmet (worn)
Wands
 f - a wand of flame (64)
Scrolls
 c - 2 scrolls of magic mapping {!r}
 e - 6 scrolls of identify {!r}
 g - a scroll of torment {!r}
 j - 2 scrolls of amnesia {!r}
 m - a scroll of enchant weapon {!r}
 n - a scroll of remove curse {!r}
 q - a scroll of silence {!r}
 r - a scroll of enchant armour {!r}


   Skills:
 - Level 1.5 Dodging
 - Level 1.5 Stealth
 + Level 3.4 Shields
 + Level 6.7 Spellcasting
 - Level 0.7 Conjurations
 * Level 6.8 Air Magic


You had 8 spell levels left.
You knew the following spells:

 Your Spells              Type           Power        Failure   Level  Hunger
a - Shock                 Conj/Air       ###.         3%          1    N/A
b - Lightning Bolt        Conj/Air       ###.......   63%         5    N/A
d - Airstrike             Air            ####......   9%          4    N/A
z - Swiftness             Chrm/Air       ###.....     4%          2    N/A

Your spell library contained the following spells:

 Spells                   Type           Power        Failure   Level  Hunger
 Static Discharge         Conj/Air       ###.....     9%          3    N/A
 Corona                   Hex            #......      14%         1    N/A
 Ensorcelled Hibernation  Hex/Ice        #.....       21%         2    N/A
 Dazzling Spray           Conj/Hex       #.....       34%         3    N/A
 Confuse                  Hex            #.......     38%         3    N/A
 Tukima's Dance           Hex            #.......     38%         3    N/A

Dungeon Overview and Level Annotations

Branches:
Dungeon (7/15)
 Temple: D:4-7

Altars:
Ashenzari
Dithmenos
Fedhas
Hepliaklqana
Nemelex Xobeh
Qazlal
Vehumet
Wu Jian
Xom
The Shining One

Shops:
D:6 =


Innate Abilities, Weirdness & Mutations

You do not eat or drink.
Your flesh is vulnerable to fire.
You are immune to poison.
Your flesh is cold resistant. (rC+)
You are immune to negative energy. (rN+++)
You are immune to unholy pain and torment.
You can survive without breathing.


Message History

An orc wizard comes into view. It is wielding a dagger of venom.
Unknown command.
Casting: Shock (safe; 3% risk of failure)
Confirm with . or Enter, or press ? or * to list all spells.
Aiming: Shock (safe; 3% risk of failure)
Press: ? - help, Shift-Dir - straight line, f/p - hornet
Aim: a hornet (moderately wounded, umbra)
The zap hits the hornet.
The hornet is heavily wounded.
The zap hits the orc warrior.
The orc warrior appears unharmed.
The orc warrior is moderately wounded.
The zap misses the orc warrior.
The zap hits the hornet.
The hornet is heavily wounded.
The orc wizard shouts!
The hornet stings you!
* * * LOW HITPOINT WARNING * * *
The hornet barely misses you.
Unknown command.
Casting: Shock (safe; 3% risk of failure)
Confirm with . or Enter, or press ? or * to list all spells.
Aiming: Shock (safe; 3% risk of failure)
Press: ? - help, Shift-Dir - straight line, f/p - hornet
Aim: a hornet (heavily wounded, umbra)
The zap hits the hornet.
The hornet is severely wounded.
The zap hits the orc warrior.
The orc warrior is moderately wounded.
The zap hits the orc warrior.
The orc warrior is heavily wounded.
The zap hits the hornet.
The hornet is severely wounded.
The hornet barely misses you.
An orc wizard comes into view. It is wielding a dagger.
Unknown command.
Casting: Shock (safe; 3% risk of failure)
Confirm with . or Enter, or press ? or * to list all spells.
Aiming: Shock (safe; 3% risk of failure)
Press: ? - help, Shift-Dir - straight line, f/p - hornet
Aim: a hornet (severely wounded, umbra)
The zap hits the hornet.
The hornet is almost dead.
The zap misses the orc warrior.
The zap hits the orc warrior.
The orc warrior is severely wounded.
The zap hits the hornet.
The hornet is almost dead.
The orc wizard shouts!
You block the hornet's attack. The hornet stings you!
* * * LOW HITPOINT WARNING * * *
The orc wizard mumbles some strange words.
The orc wizard flickers and vanishes!
Unknown command.
Casting: Shock (safe; 3% risk of failure)
Confirm with . or Enter, or press ? or * to list all spells.
Aiming: Shock (safe; 3% risk of failure)
Press: ? - help, Shift-Dir - straight line, f/p - hornet
Aim: a hornet (almost dead, umbra)
The zap hits the hornet.
You kill the hornet!
Dithmenos accepts your kill.
The zap misses the orc warrior.
The zap hits the orc warrior.
The orc warrior is almost dead.
The orc wizard gestures at you while chanting.
The magic dart hits you!
You die...

####.###
#.†# #...# .
#......#
#{## #.....
#......# #.#
#....
#......# #.#
... #....o.#
#o#
#......###.#
######.##..#
#.##.#######
#.o.@.......
############


You could see an orc warrior and an orc wizard.

Vanquished Creatures
  A hornet (D:7)
  Duvessa (D:6)
  An ogre (D:4)
  2 centaurs
  2 bullfrogs
  Dowan (D:6)
  3 killer bees (D:7)
  A jelly (D:5)
  3 orc priests
  3 bullfrog skeletons
  2 iguanas
  An orc wizard (D:4)
  A worker ant (D:5)
  6 adders
  2 shadow imps (D:3)
  A worm (D:2)
  3 dart slugs
  3 leopard geckos
  10 orcs
  5 giant cockroaches
  4 goblins
  8 hobgoblins
  3 jackals (D:5)
  11 kobolds
  A quokka (D:4)
  6 ball pythons
  14 bats
  A frilled lizard (D:2)
  A leopard gecko skeleton (D:4)
  A quokka skeleton (D:6)
  7 rats
109 creatures vanquished.

Vanquished Creatures (others)
  A jelly (D:6)
1 creature vanquished.

Grand Total: 110 creatures vanquished

Notes
Turn   | Place    | Note
-------+----------+-------------------------------------------
     0 | D:1      | Amnesiac the Mummy Air Elementalist began the quest for the Orb.
     0 | D:1      | Reached XP level 1. HP: 13/13 MP: 4/4
   238 | D:2      | Reached XP level 2. HP: 16/19 MP: 2/5
   242 | D:2      | Learned a level 2 spell: Swiftness
   312 | D:3      | Found a transporter.
   317 | D:3      | Found a transporter.
   344 | D:3      | Reached XP level 3. HP: 24/24 MP: 3/7
   458 | D:3      | Reached XP level 4. HP: 30/30 MP: 7/9
   668 | D:4      | Learned a level 4 spell: Airstrike
   745 | D:4      | Found a shadowy altar of Dithmenos.
   755 | D:4      | Became a worshipper of Dithmenos the Shadowed
  1075 | D:1      | Reached * piety under Dithmenos
  1571 | D:2      | Reached XP level 5. HP: 31/35 MP: 5/11
  1683 | D:2      | Found a sparkling altar of Nemelex Xobeh.
  3124 | D:4      | Reached skill level 1 in Shields
  3167 | D:4      | Reached ** piety under Dithmenos
  3513 | D:4      | Noticed an ogre
  3530 | D:4      | Killed an ogre
  3530 | D:4      | Reached XP level 6. HP: 18/41 MP: 3/13
  3591 | D:4      | Learned a level 5 spell: Lightning Bolt
  3680 | D:4      | Found a hazy altar of Hepliaklqana.
  3813 | D:5      | Entered Level 5 of the Dungeon
  3989 | D:5      | Reached skill level 5 in Air Magic
  4080 | D:5      | Found a shimmering altar of Xom.
  4116 | D:5      | Found a stormy altar of Qazlal.
  4285 | D:5      | Reached skill level 5 in Spellcasting
  4503 | D:5      | Reached XP level 7. HP: 46/46 MP: 8/14
  4640 | D:5      | Found a shattered altar of Ashenzari.
  4914 | D:6      | Noticed Duvessa
  4914 | D:6      | Noticed Dowan
  5213 | D:6      | Killed Duvessa
  5217 | D:6      | Killed Dowan
  5486 | D:6      | Found an ornate altar of the Wu Jian Council.
  5614 | D:6      | Found Kakloegh's Jewellery Emporium.
  5646 | D:6      | Found a radiant altar of Vehumet.
  5862 | D:6      | Found a glowing golden altar of the Shining One.
  6031 | D:6      | Found a blossoming altar of Fedhas.
  6268 | D:7      | Reached XP level 8. HP: 21/52 MP: 5/17
  6280 | D:7      | Noticed a hornet
  6493 | D:7      | Killed a hornet
  6493 | D:7      | Killed from afar by an orc wizard

Vault maps used:
D:1:      dpeg_arrival_simpleton_a, minmay_small_reverse_x
D:2:      nemelex_xobeh_ov_fountains_minmay, minmay_distorted
D:3:      gammafunk_wand_slinger, first_ration
D:4:      overflow_temple_1_default, lemuel_crystal_altar
D:5:      lemuel_crystal_altar, lemuel_coloured_pillars_altar,
          ashenzari_conservatory_becter, kennysheep_generic_room_12
D:6:      fedhas_altar_fruit_tree, kennysheep_little_box, fiery_altar_vehumet,
          marbit_many_paths, serial_shops, shop, uniq_duvessa
D:7:      minmay_temple_entry_statues

Skill      XL: |  1  2  3  4  5  6  7 |
---------------+----------------------+-----
Spellcasting   | 3 4 5 6 |  6.7
Air Magic      | 3 4 5 6 |  6.8
Shields        | 1 2 3 |  3.4
Dodging        | |  1.5
Stealth        | |  1.5
Conjurations   | |  0.7

Action                   |  1- 3 |  4- 6 |  7- 9 || total
-------------------------+-------+-------+-------++-------
Melee: Short sword       |       |    36 |       ||    36
 Fire: Hunting sling     |       |    55 |    13 ||    68
 Cast: Shock             |    15 |   155 |    59 ||   229
       Airstrike         |       |       |     7 ||     7
Evoke: Wand              |     6 |     1 |     4 ||    11
  Use: Scroll            |       |    11 |     3 ||    14
 Stab: Sleeping          |       |     1 |       ||     1
Armor: Robe              |     1 |    19 |    10 ||    30
Dodge: Dodged            |     1 |    73 |    31 ||   105
Block: Buckler           |       |    24 |    26 ||    50
       Reflection        |       |     7 |     2 ||     9
       Rpst.: Falchion   |       |       |     9 ||     9

Table legend:
 A = Non-vault XP
 B = Vault XP
 C = Vault XP percentage of total XP
 D = Non-vault monster count
 E = Vault monster count
 F = Vault count percentage of total count
                 A         B        C        D         E       F
            +---------+---------+-------+---------+---------+-------
      Total |    1544 |     359 |  18.9 |      96 |      13 |  11.9
            +---------+---------+-------+---------+---------+-------
        D:1 |      60 |       7 |  10.4 |      34 |       4 |  10.5
        D:2 |      42 |       2 |   4.5 |      17 |       1 |   5.6
        D:3 |      14 |     107 |  88.4 |       6 |       4 |  40.0
        D:4 |     241 |       0 |   0.0 |       8 |       0 |   0.0
        D:5 |     290 |      13 |   4.3 |      16 |       1 |   5.9
        D:6 |     326 |     230 |  41.4 |       7 |       3 |  30.0
        D:7 |     571 |       0 |   0.0 |       8 |       0 |   0.0
            +---------+---------+-------+---------+---------+-------
